 Dungeon Crawl Stone Soup version 0.30-b1-2-g02819fbbbe (webtiles) character file.

Game seed: 12336385760988952909

56 Barriton the Conjurer (level 3, -7/26 HPs)
             Began as a Draconian Conjurer on May 8, 2023.
             Mangled by a gnoll
             ... wielding a +0 halberd
              (14 damage)
             ... on level 2 of the Dungeon.
             The game lasted 00:01:38 (1303 turns).

Barriton the Conjurer (Draconian Conjurer)          Turns: 1303, Time: 00:01:38

Health: -7/26      AC:  5    Str:  9    XL:     3   Next: 71%
Magic:  1/6        EV: 12    Int: 20    God:
Gold:   83         SH:  0    Dex: 15    Spells: 5/6 levels left

rFire   . . .        (no weapon)
rCold   . . .        (no shield)
rNeg    . . .        (body armour unavailable)
rPois   .            (helmet restricted)
rElec   .            (no cloak)
rCorr   .            (no gloves)
SInv    .            (no boots)
Will    .....        (no amulet)
Stlth   ++           c - ring of wizardry
HPRegen 0.24/turn    j - +6 ring of dexterity
MPRegen 0.10/turn

%: wizardry (x1)
@: unable to read
A: AC +5, unfitting armour, cold-blooded, wild magic 1, inability to read after
injury 1
a: no special abilities


You were on level 2 of the Dungeon.
You visited 1 branch of the dungeon, and saw 2 of its levels.

You collected 83 gold pieces.

Inventory:

Jewellery
 c - a ring of wizardry (left hand)
 j - a +6 ring of dexterity (right hand)
Scrolls
 b - a scroll of fear {unknown}
Potions
 a - a potion of magic
 d - a potion of heal wounds {unknown}
 g - a potion of degeneration {unknown}


   Skills:
 + Level 2.1 Dodging
 + Level 1.9 Stealth
 + Level 0.7 Unarmed Combat
 + Level 2.2 Spellcasting
 + Level 4.9 Conjurations


You had 5 spell levels left.
You knew the following spells:

 Your Spells              Type           Power      Damage    Failure   Level
a - Magic Dart            Conj           100%       1d8       1%          1

Your spell library contained the following spells:

 Spells                   Type           Power      Damage    Failure   Level
 Searing Ray              Conj           56%        2d6       2%          2
 Apportation              Tloc           4%         N/A       9%          1
 Necrotise                Necr           8%         1d4       9%          1
 Summon Small Mammal      Summ           8%         N/A       9%          1
 Dazzling Flash           Conj/Hex       30%        N/A       10%         3
 Fulminant Prism          Conj/Hex       7%         3d7       28%         4
 Iskenderun's Mystic Bla  Conj/Tloc      15%        2d5       28%         4


Dungeon Overview and Level Annotations

Branches:
Dungeon (2/15)

Altars:


Innate Abilities, Weirdness & Mutations

Your plain brown scales are hard. (AC +5)
You cannot fit into any form of body armour.
You are cold-blooded and may be slowed by cold attacks.
Your spells are a little harder to cast, but a little more powerful.
You occasionally lose the ability to read scrolls when taking damage.


Message History

A gnoll comes into view. It is wielding a +0 halberd.
The gnoll hits you from afar with a +0 spear.
The magic dart hits the gnoll.
The gnoll is severely wounded.
The gnoll shouts!
The gnoll barely misses you.
The magic dart hits the gnoll.
You kill the gnoll!
The magic dart hits the gnoll.
The gnoll is heavily wounded.
You are out of magic!
You are out of magic!
You are out of magic!
You hit the gnoll.
You tail-slap the gnoll, but do no damage.
The gnoll is heavily wounded.
The gnoll hits you with a +0 club.
A worm comes into view.
You hit the gnoll but do no damage.
Your tail-slap misses the gnoll.
The gnoll is heavily wounded.
The gnoll barely misses you. The gnoll closely misses you.
Your magical contamination has completely faded away.
You barely miss the gnoll.
The gnoll is heavily wounded.
The gnoll hits you but does no damage. The gnoll barely misses you.
You closely miss the gnoll.
The gnoll is heavily wounded.
The gnoll hits you with a +0 club.
The gnoll hits you from afar with a +0 halberd.
You hit the gnoll but do no damage.
The gnoll is heavily wounded.
The gnoll hits you from afar with a +0 halberd.
The gnoll hits you with a +0 club.
* * * LOW HITPOINT WARNING * * *
You barely miss the gnoll. You tail-slap the gnoll.
The gnoll is almost dead.
The gnoll hits you from afar with a +0 halberd!
You feel threatened and lose the ability to read scrolls!
Ouch! That really hurt!
You die...

#...........#
.........##.###
#......)###...#
#...........#.#
........#.....#
........##)#..###
#.########......####
#...#########.#....####
#.gg@..# #....#.....
...w.####.######.....###
... #.....######...# .
#####)## #...#
#..######..#
##.......... ##########.
#. ##


You could see a worm and 2 gnolls.

Vanquished Creatures
  A gnoll (D:2)
  2 adders (D:2)
  3 dart slugs (D:1)
  2 ball pythons
  An endoplasm (D:1)
  A giant cockroach (D:2)
  3 hobgoblins
  4 kobolds
  A bat (D:2)
  A frilled lizard (D:2)
  3 goblins
  2 rats (D:1)
24 creatures vanquished.

Notes
Turn   | Place    | Note
-------+----------+-------------------------------------------
     0 | D:1      | Barriton the Draconian Conjurer began the quest for the
                  | Orb.
     0 | D:1      | Reached XP level 1. HP: 14/14 MP: 3/3
   170 | D:1      | Reached XP level 2. HP: 20/20 MP: 3/5
   954 | D:1      | Gained mutation: Your spells are a little harder to cast,
                  | but a little more powerful. [potion of mutation]
   954 | D:1      | Gained mutation: You occasionally lose the ability to read
                  | scrolls when taking damage. [potion of mutation]
  1064 | D:2      | Reached XP level 3. HP: 26/26 MP: 1/6
  1303 | D:2      | Mangled by a gnoll

Illustrated notes

Levels and vault maps discovered:
D:1:      scummos_arrival_checkerplants, layout_basic, nrook_loot_triangle,
          minmay_box_of_dots
D:2:      layout_rooms, hellmonk_ecumenical_altar_run_dry, uniq_sigmund

Skill      XL: |  1  2 |
---------------+-------+-----
Dodging        | 2 |  2.1
Stealth        | |  1.9
Unarmed Combat | |  0.7
Spellcasting   | |  2.2
Conjurations   | |  4.9

Action                     || total
---------------------------++-------
  Melee: Unarmed           ||    21
         Tailslap          ||     6
   Cast: Magic Dart        ||    51
    Use: Scroll            ||     5
         Potion            ||     2
 Armour: Skin              ||    10
  Dodge: Dodged            ||    22
